| TOP OF THE 1ST |
|
University of Nebraska Cornhuskers batting - Pitching for Arizona State University Sun Devils : LHP Nick Segar
|
|
Pitching: LHP Nick Segar
|
|
|
Batting: LHB Stu Proulx
|
0-0: Ball 1-0: Fly out, F9 (Flyball, 9, EV 96.2 MPH)
|
|
Batting: RHB Quentin Howland
|
0-0: Fly out, F8 (Line Drive, 8LD, EV 91.9 MPH)
|
|
Batting: RHB Zion Jones
|
0-0: SINGLE (Groundball, 6MD, EV 104.4 MPH)
|
|
Batting: LHB Lupe Garcia
|
0-0: Ball 1-0: Foul Ball, location: 2F 1-1: Ball 2-1: Foul Ball, location: 2F 2-2: Strikes out swinging
|
| Top of the 1st over - 0 runs, 1 hit, 0 errors, 1 left on base; University of Nebraska 0 - Arizona State University 0 |
| BOTTOM OF THE 1ST |
|
Arizona State University Sun Devils batting - Pitching for University of Nebraska Cornhuskers : RHP Chris Brumfiel
|
|
Pitching: RHP Chris Brumfiel
|
|
|
Batting: LHB Eric Russell
|
0-0: Fly out, F7 (Flyball, 78M, EV 91.2 MPH)
|
|
Batting: RHB Alonzo Cardona
|
0-0: SINGLE (Flyball, 8LS, EV 91.2 MPH)
|
|
Batting: RHB Carl Evans
|
0-0: Ball 1-0: Ball 2-0: Called Strike 2-1: Fielders Choice at 2nd, 6-4 (Groundball, 6, EV 80.6 MPH)
|
|
Batting: LHB Randy Marquez
|
0-0: Ball 1-0: Ball 2-0: Ball Carl Evans is caught stealing 2nd base 2-6
|
| Bottom of the 1st over - 0 runs, 1 hit, 0 errors, 0 left on base; University of Nebraska 0 - Arizona State University 0 |
| TOP OF THE 2ND |
|
University of Nebraska Cornhuskers batting - Pitching for Arizona State University Sun Devils : LHP Nick Segar
|
|
Batting: LHB Jose Gonzalez
|
0-0: Swinging Strike 0-1: Ball 1-1: Ball 2-1: Ball 3-1: Called Strike 3-2: Strikes out swinging
|
|
Batting: SHB Kent Worboys
|
0-0: Foul Ball, location: 2F 0-1: Called Strike 0-2: Ball 1-2: Fly out, F8 (Flyball, 8LM, EV 75.6 MPH)
|
|
Batting: RHB Mario Lopec
|
0-0: Called Strike 0-1: Ball 1-1: Called Strike 1-2: Foul Ball, location: 2F 1-2: Ball 2-2: Foul Ball, location: 2F 2-2: Foul Ball, location: 2F 2-2: Ball 3-2: Foul Ball, location: 2F 3-2: Strikes out swinging
|
| Top of the 2nd over - 0 runs, 0 hits, 0 errors, 0 left on base; University of Nebraska 0 - Arizona State University 0 |
| BOTTOM OF THE 2ND |
|
Arizona State University Sun Devils batting - Pitching for University of Nebraska Cornhuskers : RHP Chris Brumfiel
|
|
Batting: LHB Randy Marquez
|
0-0: Ball 1-0: Ground out U3 (Groundball, 3, EV 106.2 MPH)
|
|
Batting: SHB Manny Aponte
|
0-0: Called Strike 0-1: Ball 1-1: Ball 2-1: DOUBLE (Line Drive, 9LS, EV 90.6 MPH)
|
|
Batting: RHB John Burgis
|
0-0: Called Strike 0-1: Called Strike 0-2: Ball 1-2: Foul Ball, location: 2F 1-2: Ball 2-2: Ground out 6-3 (Groundball, 6, EV 88.1 MPH)
|
|
Batting: RHB Martin Boyle
|
0-0: Ground out 6-3 (Groundball, 56, EV 111.2 MPH)
|
| Bottom of the 2nd over - 0 runs, 1 hit, 0 errors, 1 left on base; University of Nebraska 0 - Arizona State University 0 |
| TOP OF THE 3RD |
|
University of Nebraska Cornhuskers batting - Pitching for Arizona State University Sun Devils : LHP Nick Segar
|
|
Batting: RHB Danny Forbes
|
0-0: Called Strike 0-1: Swinging Strike 0-2: Strikes out looking
|
|
Batting: LHB Bob Appleby
|
0-0: Foul Ball, location: 2F 0-1: Ball 1-1: Ball 2-1: Ball 3-1: Foul Ball, location: 2F 3-2: Fly out, F8 (Flyball, 8LM, EV 87.5 MPH)
|
|
Batting: LHB Stu Proulx
|
0-0: Ball 1-0: Foul Ball, location: 2F 1-1: Called Strike 1-2: Foul Ball, location: 2F 1-2: Ball 2-2: Strikes out swinging
|
| Top of the 3rd over - 0 runs, 0 hits, 0 errors, 0 left on base; University of Nebraska 0 - Arizona State University 0 |
| BOTTOM OF THE 3RD |
|
Arizona State University Sun Devils batting - Pitching for University of Nebraska Cornhuskers : RHP Chris Brumfiel
|
|
Batting: LHB David Goad
|
0-0: Ground out 3-1 (Groundball, 34, EV 86.2 MPH)
|
|
Batting: RHB Chris DeLuise
|
0-0: Ball 1-0: Called Strike 1-1: Ball 2-1: Fly out, F8 (Flyball, 8LS, EV 88.1 MPH)
|
|
Batting: LHB Eric Russell
|
0-0: Foul Ball, location: 2F 0-1: Ball 1-1: Ball 2-1: Ball 3-1: Called Strike 3-2: Strikes out looking
|
| Bottom of the 3rd over - 0 runs, 0 hits, 0 errors, 0 left on base; University of Nebraska 0 - Arizona State University 0 |
| TOP OF THE 4TH |
|
University of Nebraska Cornhuskers batting - Pitching for Arizona State University Sun Devils : LHP Nick Segar
|
|
Batting: RHB Quentin Howland
|
0-0: Ball 1-0: Ball 2-0: Ball 3-0: Called Strike 3-1: DOUBLE (Line Drive, 5D, EV 98.8 MPH)
|
|
Batting: RHB Zion Jones
|
0-0: Called Strike 0-1: Swinging Strike 0-2: Ball 1-2: Ground out 5-3 (Groundball, 15, EV 83.8 MPH)
|
|
Batting: LHB Lupe Garcia
|
0-0: Foul Ball, location: 2F 0-1: Called Strike 0-2: Strikes out looking
|
|
Batting: LHB Jose Gonzalez
|
0-0: Called Strike 0-1: Foul Ball, location: 2F 0-2: Strikes out swinging
|
| Top of the 4th over - 0 runs, 1 hit, 0 errors, 1 left on base; University of Nebraska 0 - Arizona State University 0 |
| BOTTOM OF THE 4TH |
|
Arizona State University Sun Devils batting - Pitching for University of Nebraska Cornhuskers : RHP Chris Brumfiel
|
|
Batting: RHB Alonzo Cardona
|
0-0: Called Strike 0-1: Ball 1-1: Foul Ball, location: 2F 1-2: Foul Ball, location: 2F 1-2: Ball 2-2: Ball 3-2: Ground out U3 (Groundball, 34S, EV 90.6 MPH)
|
|
Batting: RHB Carl Evans
|
0-0: Ball 1-0: Ball 2-0: Called Strike 2-1: SINGLE (Groundball, 34D, EV 96.9 MPH)
|
|
Batting: LHB Randy Marquez
|
0-0: Called Strike 0-1: Grounds into double play, 4-6-3 (Groundball, 34S, EV 86.2 MPH)
|
| Bottom of the 4th over - 0 runs, 1 hit, 0 errors, 0 left on base; University of Nebraska 0 - Arizona State University 0 |
| TOP OF THE 5TH |
|
University of Nebraska Cornhuskers batting - Pitching for Arizona State University Sun Devils : LHP Nick Segar
|
|
Batting: SHB Kent Worboys
|
0-0: Called Strike 0-1: Foul Ball, location: 2F 0-2: Strikes out looking
|
|
Batting: RHB Mario Lopec
|
0-0: Swinging Strike 0-1: Swinging Strike 0-2: Foul Ball, location: 2F 0-2: Fly out, F4 (Popup, 4, EV 78.8 MPH)
|
|
Batting: RHB Danny Forbes
|
0-0: Called Strike 0-1: Foul Ball, location: 2F 0-2: DOUBLE (Line Drive, 5D, EV 96.2 MPH)
|
|
Batting: LHB Bob Appleby
|
0-0: Fly out, F9 (Flyball, 9D, EV 101.9 MPH)
|
| Top of the 5th over - 0 runs, 1 hit, 0 errors, 1 left on base; University of Nebraska 0 - Arizona State University 0 |
| BOTTOM OF THE 5TH |
|
Arizona State University Sun Devils batting - Pitching for University of Nebraska Cornhuskers : RHP Chris Brumfiel
|
|
Batting: SHB Manny Aponte
|
0-0: Ball 1-0: Ground out U3 (Groundball, 3, EV 86.2 MPH)
|
|
Batting: RHB John Burgis
|
0-0: Fly out, F4 (Line Drive, 4M, EV 65.6 MPH)
|
|
Batting: RHB Martin Boyle
|
0-0: Ball 1-0: Ball 2-0: Foul Ball, location: 2F 2-1: Swinging Strike 2-2: Foul Ball, location: 2F 2-2: Ball 3-2: Ground out 1-3 (Groundball, 13S, EV 68.8 MPH)
|
| Bottom of the 5th over - 0 runs, 0 hits, 0 errors, 0 left on base; University of Nebraska 0 - Arizona State University 0 |
| TOP OF THE 6TH |
|
University of Nebraska Cornhuskers batting - Pitching for Arizona State University Sun Devils : LHP Nick Segar
|
|
Batting: LHB Stu Proulx
|
0-0: Called Strike 0-1: Ball 1-1: Called Strike 1-2: Strikes out swinging
|
|
Batting: RHB Quentin Howland
|
0-0: Called Strike 0-1: Swinging Strike 0-2: Ball 1-2: Strikes out swinging
|
|
Batting: RHB Zion Jones
|
0-0: Ball 1-0: Called Strike 1-1: Foul Ball, location: 2F 1-2: Foul Ball, location: 2F 1-2: Ball 2-2: Foul Ball, location: 2F 2-2: Strikes out looking
|
| Top of the 6th over - 0 runs, 0 hits, 0 errors, 0 left on base; University of Nebraska 0 - Arizona State University 0 |
| BOTTOM OF THE 6TH |
|
Arizona State University Sun Devils batting - Pitching for University of Nebraska Cornhuskers : RHP Chris Brumfiel
|
|
Batting: LHB David Goad
|
0-0: Called Strike 0-1: Called Strike 0-2: Ball 1-2: Fly out, F9 (Flyball, 9D, EV 95.6 MPH)
|
|
Batting: RHB Chris DeLuise
|
0-0: Ball 1-0: Swinging Strike 1-1: Called Strike 1-2: Strikes out swinging
|
|
Batting: LHB Eric Russell
|
0-0: Ball 1-0: Ground out U3 (Groundball, 34S, EV 88.1 MPH)
|
| Bottom of the 6th over - 0 runs, 0 hits, 0 errors, 0 left on base; University of Nebraska 0 - Arizona State University 0 |
| TOP OF THE 7TH |
|
University of Nebraska Cornhuskers batting - Pitching for Arizona State University Sun Devils : LHP Nick Segar
|
|
Pitching: LHP Joe Morgan
|
|
|
Batting: LHB Lupe Garcia
|
0-0: Called Strike 0-1: Called Strike 0-2: Ball 1-2: Ball 2-2: Foul Ball, location: 2F 2-2: Strikes out looking
|
|
Batting: LHB Jose Gonzalez
|
0-0: Foul Ball, location: 2F 0-1: Ball 1-1: Fly out, F7 (Flyball, 7LD, EV 97.5 MPH)
|
|
Batting: SHB Kent Worboys
|
0-0: Swinging Strike 0-1: Called Strike 0-2: Strikes out swinging
|
| Top of the 7th over - 0 runs, 0 hits, 0 errors, 0 left on base; University of Nebraska 0 - Arizona State University 0 |
| BOTTOM OF THE 7TH |
|
Arizona State University Sun Devils batting - Pitching for University of Nebraska Cornhuskers : RHP Chris Brumfiel
|
|
Batting: RHB Alonzo Cardona
|
0-0: Foul Ball, location: 2F 0-1: Foul Ball, location: 2F 0-2: Ball 1-2: Foul Ball, location: 2F 1-2: SINGLE (Groundball, 6, EV 95.0 MPH)
|
|
Batting: RHB Carl Evans
|
0-0: Ball 1-0: Called Strike 1-1: Ball 2-1: Foul Ball, location: 2F 2-2: Ball 3-2: Foul Ball, location: 2F 3-2: Fielders Choice at 2nd, 4-6 (Groundball, 4, EV 90.0 MPH)
|
|
Pitching: LHP Jamie Corbin
|
|
|
Pinch Hitting: RHB Bobby Johannsen
|
0-0: Fielders Choice at 2nd, 5-4 (Groundball, 5S, EV 83.1 MPH)
|
|
Batting: RHB Rusty Gee
|
0-0: Ball 1-0: Foul Ball, location: 2F 1-1: Foul Ball, location: 2F 1-2: Ball 2-2: Foul Ball, location: 2F 2-2: Fly out, F8 (Flyball, 78M, EV 86.9 MPH)
|
| Bottom of the 7th over - 0 runs, 1 hit, 0 errors, 1 left on base; University of Nebraska 0 - Arizona State University 0 |
| TOP OF THE 8TH |
|
University of Nebraska Cornhuskers batting - Pitching for Arizona State University Sun Devils : LHP Joe Morgan
|
|
Now in LF: David Goad
|
|
|
Now in CF: Timon Giorgiou
|
|
|
Batting: RHB Mario Lopec
|
0-0: Called Strike 0-1: Ball 1-1: Swinging Strike 1-2: Strikes out swinging
|
|
Batting: RHB Danny Forbes
|
0-0: Ball 1-0: Ball 2-0: Called Strike 2-1: Swinging Strike 2-2: Strikes out swinging, 2-3 out at first.
|
|
Pinch Hitting: RHB Robby Arce
|
0-0: Ball 1-0: Foul Ball, location: 2F 1-1: Foul Ball, location: 2F 1-2: Foul Ball, location: 2F 1-2: Ground out 4-3 (Groundball, 4, EV 98.8 MPH)
|
| Top of the 8th over - 0 runs, 0 hits, 0 errors, 0 left on base; University of Nebraska 0 - Arizona State University 0 |
| BOTTOM OF THE 8TH |
|
Arizona State University Sun Devils batting - Pitching for University of Nebraska Cornhuskers : LHP Jamie Corbin
|
|
Now in CF: Andy Henn
|
|
|
Batting: RHB John Burgis
|
0-0: Reached on error, E6 (Groundball, 6, EV 80.0 MPH)
|
|
Batting: RHB Martin Boyle
|
0-0: Ball 1-0: Ball 2-0: Swinging Strike 2-1: Called Strike 2-2: Strikes out swinging
|
|
Batting: LHB David Goad
|
0-0: Sac Bunt to 25 - play at first, batter OUT! 5-4 John Burgis to second
|
|
Pinch Hitting: RHB Raul Vargas
|
0-0: Swinging Strike 0-1: Foul Ball, location: 2F 0-2: Ball 1-2: Foul Ball, location: 2F 1-2: Ground out 6-3 (Groundball, 6, EV 109.4 MPH)
|
| Bottom of the 8th over - 0 runs, 0 hits, 1 error, 1 left on base; University of Nebraska 0 - Arizona State University 0 |
| TOP OF THE 9TH |
|
University of Nebraska Cornhuskers batting - Pitching for Arizona State University Sun Devils : LHP Joe Morgan
|
|
Pitching: RHP Salvador Rodriquez
|
|
|
Now at 3B: Ricky Hernandez
|
|
|
Pinch Hitting: SHB Gary Luckwell
|
0-0: Swinging Strike 0-1: Ball 1-1: Ball 2-1: Swinging Strike 2-2: Ground out U3 (Groundball, 3, EV 107.5 MPH)
|
|
Pinch Hitting: LHB Alfonso Escalante
|
0-0: Ball 1-0: Called Strike 1-1: Ball 2-1: DOUBLE (Line Drive, 78D, EV 110.0 MPH)
|
|
Pinch Hitting: LHB Avicenna Abdul-Muta'al
|
0-0: Intentional Walk
|
|
Pinch Hitting: RHB Aidan Collet
|
0-0: Called Strike 0-1: Swinging Strike 0-2: SINGLE (Flyball, 8LS, EV 90.6 MPH) Alfonso Escalante to third Avicenna Abdul-Muta'al to second Runner from 3rd tries for Home, SAFE, throw by CF to home
|
|
Pinch Runner at 2nd Carlos Salazar:
|
|
|
Batting: LHB Jose Gonzalez
|
0-0: Ball 1-0: Called Strike 1-1: Ball Carlos Salazar is caught stealing 3rd base 2-5 Aidan Collet to second 2-1: Ground out 4-3 (Groundball, 4, EV 85.0 MPH)
|
| Top of the 9th over - 1 run, 2 hits, 0 errors, 1 left on base; University of Nebraska 1 - Arizona State University 0 |
| BOTTOM OF THE 9TH |
|
Arizona State University Sun Devils batting - Pitching for University of Nebraska Cornhuskers : LHP Jamie Corbin
|
|
Pitching: RHP Frank Saslove
|
|
|
Now at C: Will England
|
|
|
Now at SS: Rob Bryan
|
|
|
Now in LF: Chris Anthony
|
|
|
Now in RF: Kevin Brannon
|
|
|
Pinch Hitting: LHB Dustin Gill
|
0-0: Ball 1-0: Ball 2-0: Called Strike 2-1: Ball 3-1: Called Strike 3-2: Strikes out swinging
|
|
Pinch Hitting: RHB Jun-hyuk Leem
|
0-0: Ball 1-0: Ball 2-0: Ball 3-0: Base on Balls
|
|
Batting: RHB Carl Evans
|
0-0: Ball 1-0: Ball 2-0: Ball 3-0: Base on Balls Jun-hyuk Leem to second
|
|
Pinch Runner at 2nd Kawenaula Kapali:
|
|
|
Pinch Hitting: RHB David Krebs
|
0-0: Foul Ball, location: 2F 0-1: Ball 1-1: Ball 2-1: Called Strike 2-2: Strikes out looking
|
|
Batting: RHB Rusty Gee
|
0-0: Called Strike 0-1: Ball 1-1: Swinging Strike 1-2: Ground out 5-3 (Groundball, 56S, EV 69.4 MPH)
|
| Bottom of the 9th over - 0 runs, 0 hits, 0 errors, 2 left on base; University of Nebraska 1 - Arizona State University 0 |
|